 Dungeon Sprint DCSS version 0.16.2-12-gd0ad4c3 (webtiles) character file.

15348 Horhen the Sorcerer (level 12, -6/59 HPs)
             Began as a Deep Elf Conjurer on Sept 24, 2015.
             Was the Champion of Vehumet.
             Mangled by an unseen horror (9 damage)
             ... in the Dungeon (Sprint I: "Red Sonja").
             The game lasted 00:21:23 (3018 turns).

Horhen the Sorcerer (Deep Elf Conjurer)             Turns: 3018, Time: 00:21:23

Health: -6/59      AC:  5    Str:  5    XL:     12   Next: 0%
Magic:  31/41      EV: 13    Int: 31    God:    Vehumet [******]
Gold:   452        SH:  0    Dex: 15    Spells: 10 memorised, 27 levels left

rFire  . . .     SeeInvis .     l - +1 dagger (venom)
rCold  . . .     Clarity  .     a - +0 robe
rNeg   . . .     SustAb   .     (no shield)
rPois  .         Gourm    .     (no helmet)
rElec  .         Spirit   .     (no cloak)
rCorr  .         Warding  .     (no gloves)
rMut   .         NoTele   +     m - +2 pair of boots {run}
MR     +....                    (no amulet)
Stlth  ++........               t - +3 ring of intelligence
                                o - +2 ring of intelligence

@: delayed fireball, quick, somewhat resistant to hostile enchantments,
unstealthy
A: no striking features
a: Renounce Religion, Release Delayed Fireball


You were in the Dungeon.
You worshipped Vehumet.
Vehumet was exalted by your worship.
You were not hungry.

You visited 1 branch You collected 1619 gold pieces.
You spent 1167 gold pieces at shops.

Inventory:

Hand weapons
 l - a +1 dagger of venom (weapon)
Armour
 a - a +0 robe (worn)
 m - a +2 pair of boots of running (worn)
Jewellery
 o - a +2 ring of intelligence (left hand)
 t - a +3 ring of intelligence (right hand)
Scrolls
 r - a scroll of identify {unknown}
Potions
 d - 4 potions of curing
 e - 2 potions of heal wounds
 f - a potion of haste
 g - 2 potions of magic
 k - a potion of flight {unknown}
 n - a potion of berserk rage
Books
 b - a book of Clouds

   Spells                             Type                      Level
   a - Mephitic Cloud                 Conjuration/Poison/Air       3
   b - Conjure Flame                  Conjuration/Fire             3
   c - Poisonous Cloud                Conjuration/Poison/Air       6
   d - Freezing Cloud                 Conjuration/Ice/Air          6
   e - Ring of Flames                 Charms/Fire                  7
Comestibles
 h - 6 chunks of flesh


   Skills:
 - Level 2.4 Dodging
 - Level 2.4 Stealth
 + Level 25.5 Spellcasting
 + Level 14.7 Conjurations
 - Level 4.8 Charms
 * Level 13.6 Fire Magic
 + Level 10.6 Earth Magic


You had 27 spell levels left.
You knew the following spells:

 Your Spells              Type           Power        Failure   Level  Hunger
a - Magic Dart            Conj           ####         0%          1    None
b - Iskenderun's Battles  Conj/Chrm      #######.     1%          5    None
c - Searing Ray           Conj           ######       0%          2    None
d - Iskenderun's Mystic   Conj           #######.     0%          4    None
f - Fireball              Conj/Fire      #######...   1%          5    None
g - Sandblast             Erth           ######       0%          1    None
h - Stone Arrow           Conj/Erth      ######       0%          3    None
k - Bolt of Fire          Conj/Fire      #######...   1%          6    None
r - Freezing Cloud        Conj/Ice/Air   ######....   4%          6    None
F - Delayed Fireball      Conj/Fire      N/A          1%          7    None


Dungeon Overview and Level Annotations

Branches:
Dungeon (1/1)

Altars:
Cheibriados
Dithmenos
Elyvilon
Fedhas
Gozag
Kikubaaqudgha
Makhleb
Nemelex Xobeh
Okawaru
Qazlal
Ru
Sif Muna
Trog
Vehumet
Xom
Yredelemnul
Zin
The Shining One
Jiyva

Shops:
D =*}[[:*%(*}(=!}(=}([(


Message History

Deactivating autopickup; reactivate with Ctrl-A.
Something hits you.
* * * LOW HITPOINT WARNING * * *
Unknown command.
Unknown command.
Casting: Bolt of Fire
Confirm with . or Enter, or press ? or * to list all spells.
Aiming: Bolt of Fire
Press: ? - help, Shift-Dir - straight line The bolt of fire hits something. x2
Vehumet accepts your kill.
You feel your power returning.
Reactivating autopickup.
You have reached level 12!
Your experience leads to an increase in your attributes!
Your base attributes are Str 5, Int 24, Dex 15.
Increase (S)trength, (I)ntelligence, or (D)exterity?
You feel clever. x2
You feel a bit more experienced. Something hits you!
You die...

####################
'..)#..#§§÷§§§§.§..+
#)..##'#.####§§§§§##
#...).§#.#
##§§§#####
#####.§§§# ###@#
$$## #§§##+####
#{##$$$# §.§#...
#..###$# #.§#..§§
##.#)#$# ##'###§§§
#..###$# ##.'.#§§§#
#.##..$# (###.#..##
#.§#+### (∩##§#..#
##...# ####.## ###.#


There were no monsters in sight!

Vanquished Creatures
  A daeva (D)
  2 centaur warriors (D)
  A lindwurm (D)
  5 unseen horrors (D)
  A deep troll (D)
  An oklob plant (D)
  8 shining eyes (D)
  A smoke demon (D)
  A gargoyle (D)
  2 kobold demonologists (D)
  4 demonic crawlers (D)
  Sonja (D)
  A slime creature (D)
  4 trapdoor spiders (D)
  A yak (D)
  13 hogs (D)
  A wasp (D)
  7 necrophages (D)
  An ogre (D)
  Sigmund (D)
  8 jellies (D)
  Ijyb (D)
  6 giant eyeballs (D)
  5 ballistomycetes (D)
77 creatures vanquished.

Vanquished Creatures (others)
  A gargoyle (D)
  10 fulminant prisms (D)
  2 giant spores (D)
13 creatures vanquished.

Grand Total: 90 creatures vanquished

Notes
Turn   | Place    | Note
--------------------------------------------------------------
     0 | D        | Horhen, the Deep Elf Conjurer, began the quest for the Orb.
     0 | D        | Reached XP level 1. HP: 10/10 MP: 5/5
     2 | D        | Noticed Ijyb
    15 | D        | Killed Ijyb
    15 | D        | Reached skill level 6 in Conjurations
    15 | D        | Reached XP level 2. HP: 11/15 MP: 4/10
    23 | D        | Learned a level 2 spell: Searing Ray
   146 | D        | Noticed an ogre
   151 | D        | Killed an ogre
   151 | D        | Reached skill level 7 in Spellcasting
   151 | D        | Reached skill level 9 in Conjurations
   151 | D        | Reached XP level 3. HP: 19/19 MP: 7/17
   151 | D        | Reached XP level 4. HP: 24/24 MP: 8/20
   230 | D        | Learned a level 4 spell: Fulminant Prism
   235 | D        | Learned a level 4 spell: Iskenderun's Mystic Blast
   237 | D        | Noticed Sigmund
   240 | D        | Killed Sigmund
   240 | D        | Reached skill level 10 in Conjurations
   240 | D        | Reached XP level 5. HP: 28/28 MP: 14/23
   299 | D        | Found a deep blue altar of Sif Muna.
   300 | D        | Noticed a jelly
   301 | D        | Found a radiant altar of Vehumet.
   307 | D        | Killed a jelly
   307 | D        | Reached skill level 11 in Conjurations
   318 | D        | Learned a level 5 spell: Iskenderun's Battlesphere
   487 | D        | Became a worshipper of Vehumet
   488 | D        | Found Ghuon's Armour Emporium.
   488 | D        | Found a white marble altar of Elyvilon.
   488 | D        | Found a burning altar of Makhleb.
   488 | D        | Found a sacrificial altar of Ru.
   488 | D        | Found a glowing golden altar of the Shining One.
   488 | D        | Found an opulent altar of Gozag.
   488 | D        | Found a glowing silver altar of Zin.
   488 | D        | Noticed a yak
   490 | D        | Killed a yak
   490 | D        | Reached XP level 6. HP: 32/32 MP: 10/27
   491 | D        | Found a stormy altar of Qazlal.
   491 | D        | Found a basalt altar of Yredelemnul.
   491 | D        | Found an iron altar of Okawaru.
   491 | D        | Found a sparkling altar of Nemelex Xobeh.
   491 | D        | Found a shimmering altar of Xom.
   491 | D        | Found an ancient bone altar of Kikubaaqudgha.
   492 | D        | Found a bloodstained altar of Trog.
   572 | D        | Found a snail-covered altar of Cheibriados.
   572 | D        | Found a viscous altar of Jiyva.
   572 | D        | Found a shadowy altar of Dithmenos.
   572 | D        | Found a blossoming altar of Fedhas.
   572 | D        | Noticed a slime creature
   577 | D        | Killed a slime creature
   577 | D        | Reached skill level 13 in Spellcasting
   577 | D        | Reached XP level 7. HP: 20/36 MP: 6/30
   616 | D        | Killed a gargoyle
   714 | D        | Noticed Sonja
   717 | D        | Killed Sonja
   717 | D        | Acquired Vehumet's first power
   717 | D        | Offered knowledge of Sandblast by Vehumet.
   717 | D        | Reached skill level 15 in Spellcasting
   720 | D        | Learned a level 1 spell: Sandblast
   981 | D        | Noticed a deep troll
   985 | D        | Killed a deep troll
   985 | D        | Reached skill level 17 in Spellcasting
   985 | D        | Reached XP level 8. HP: 41/41 MP: 11/34
   998 | D        | Found Prueff's Armour Emporium.
  1002 | D        | Bought a +2 pair of boots of running for 498 gold pieces
  1048 | D        | Found Lelyz's Jewellery Boutique.
  1057 | D        | Bought a +2 ring of intelligence for 82 gold pieces
  1091 | D        | Noticed a kobold demonologist
  1093 | D        | Noticed a smoke demon
  1094 | D        | Noticed a kobold demonologist
  1095 | D        | Killed a kobold demonologist
  1095 | D        | Reached skill level 18 in Spellcasting
  1095 | D        | Offered knowledge of Sting by Vehumet.
  1096 | D        | Killed a smoke demon
  1096 | D        | Killed a kobold demonologist
  1096 | D        | Reached skill level 19 in Spellcasting
  1160 | D        | Noticed a centaur warrior
  1178 | D        | Noticed a centaur warrior
  1179 | D        | Killed a centaur warrior
  1179 | D        | Reached skill level 21 in Spellcasting
  1179 | D        | Reached XP level 9. HP: 45/45 MP: 27/37
  1187 | D        | Killed a centaur warrior
  1187 | D        | Reached skill level 22 in Spellcasting
  1204 | D        | Noticed a wasp
  1212 | D        | Killed a wasp
  1212 | D        | Acquired Vehumet's second power
  1300 | D        | Noticed an oklob plant
  1303 | D        | Killed an oklob plant
  1303 | D        | Reached skill level 23 in Spellcasting
  1311 | D        | Noticed a trapdoor spider
  1313 | D        | Killed a trapdoor spider
  1313 | D        | Offered knowledge of Stone Arrow by Vehumet.
  1319 | D        | Learned a level 3 spell: Stone Arrow
  1398 | D        | Noticed a trapdoor spider
  1398 | D        | Noticed a trapdoor spider
  1399 | D        | Noticed a trapdoor spider
  1401 | D        | Killed a trapdoor spider
  1401 | D        | Offered knowledge of Throw Icicle by Vehumet.
  1401 | D        | Reached skill level 1 in Earth Magic
  1402 | D        | Killed a trapdoor spider
  1402 | D        | Reached XP level 10. HP: 28/50 MP: 22/39
  1404 | D        | Killed a trapdoor spider
  1404 | D        | Acquired Vehumet's third power
  1579 | D        | Noticed a jelly
  1579 | D        | Noticed a jelly
  1579 | D        | Noticed a jelly
  1580 | D        | Offered knowledge of Conjure Flame by Vehumet.
  1589 | D        | Learned a level 3 spell: Conjure Flame
  1592 | D        | Noticed a jelly
  1592 | D        | Noticed a jelly
  1592 | D        | Noticed a jelly
  1593 | D        | Noticed a jelly
  1596 | D        | Killed a jelly
  1596 | D        | Killed a jelly
  1596 | D        | Reached skill level 1 in Fire Magic
  1596 | D        | Killed a jelly
  1596 | D        | Killed a jelly
  1596 | D        | Killed a jelly
  1599 | D        | Noticed a necrophage
  1600 | D        | Noticed a necrophage
  1600 | D        | Noticed a necrophage
  1601 | D        | Killed a necrophage
  1601 | D        | Offered knowledge of Lightning Bolt by Vehumet.
  1601 | D        | Killed a jelly
  1601 | D        | Killed a necrophage
  1602 | D        | Noticed a necrophage
  1602 | D        | Noticed a necrophage
  1603 | D        | Noticed a necrophage
  1604 | D        | Killed a jelly
  1605 | D        | Killed a necrophage
  1605 | D        | Reached skill level 24 in Spellcasting
  1606 | D        | Noticed a necrophage
  1607 | D        | Killed a necrophage
  1610 | D        | Killed a necrophage
  1611 | D        | Killed a necrophage
  1612 | D        | Killed a necrophage
  1613 | D        | Killed an unseen horror
  1613 | D        | Reached skill level 5 in Fire Magic
  1613 | D        | Reached skill level 5 in Earth Magic
  1766 | D        | Killed an unseen horror
  1876 | D        | Found Feunifra's Food Shoppe.
  1876 | D        | Found Onuij's Assorted Antiques.
  1876 | D        | Found Wubraron's Weapon Boutique.
  1878 | D        | Found Ataas' Assorted Antiques.
  1878 | D        | Found Groeto's Gadget Shop.
  1878 | D        | Found Junaull's Antique Weapon Shoppe.
  1878 | D        | Found Geotzett's Jewellery Boutique.
  1878 | D        | Found Schudueca's Distillery.
  1878 | D        | Found Zapnunwu's Gadget Shop.
  1878 | D        | Found Guaruut's Weapon Shoppe.
  1878 | D        | Found Icer's Jewellery Boutique.
  1881 | D        | Bought a beef jerky for 19 gold pieces
  1881 | D        | Bought a beef jerky for 19 gold pieces
  1882 | D        | Found Thoffeaw's Weapon Emporium.
  1882 | D        | Found Tyoroaru's Gadget Boutique.
  1883 | D        | Found Crae's Antique Weapon Emporium.
  1912 | D        | Bought a ring of intelligence for 54 gold pieces
  1953 | D        | Noticed a shining eye
  1953 | D        | Noticed a shining eye
  1953 | D        | Paralysed by a giant eyeball for 2 turns
  1965 | D        | Killed a shining eye
  1968 | D        | Noticed a shining eye
  1969 | D        | Noticed a shining eye
  1970 | D        | Killed a shining eye
  1970 | D        | Offered knowledge of Bolt of Fire by Vehumet.
  1970 | D        | Killed a shining eye
  1976 | D        | Killed a shining eye
  2058 | D        | Noticed a shining eye
  2058 | D        | Noticed a shining eye
  2073 | D        | Killed a shining eye
  2073 | D        | Reached XP level 11. HP: 54/54 MP: 29/40
  2081 | D        | Learned a level 6 spell: Bolt of Fire
  2087 | D        | Noticed a shining eye
  2089 | D        | Killed a shining eye
  2089 | D        | Paralysed by a giant eyeball for 2 turns
  2093 | D        | Killed a shining eye
  2093 | D        | Offered knowledge of Bolt of Magma by Vehumet.
  2094 | D        | Noticed a shining eye
  2094 | D        | Killed a shining eye
  2094 | D        | Reached skill level 10 in Fire Magic
  2173 | D        | Found Onaudant's Antique Armour Shop.
  2173 | D        | Found Praer's Book Boutique.
  2176 | D        | Found Dexyoxay's Gadget Emporium.
  2178 | D        | Found Shaekhle's General Store.
  2210 | D        | Bought a book of Clouds for 495 gold pieces
  2217 | D        | Learned a level 6 spell: Freezing Cloud
  2258 | D        | Noticed a demonic crawler
  2258 | D        | Noticed a demonic crawler
  2258 | D        | Noticed a demonic crawler
  2258 | D        | Noticed a demonic crawler
  2266 | D        | Killed a demonic crawler
  2268 | D        | Killed a demonic crawler
  2269 | D        | Killed a demonic crawler
  2542 | D        | Killed a demonic crawler
  2637 | D        | Noticed a gargoyle
  2645 | D        | Killed a gargoyle
  2700 | D        | Noticed a lindwurm
  2705 | D        | Killed a lindwurm
  2740 | D        | Noticed a hog
  2740 | D        | Noticed a hog
  2740 | D        | Noticed a hog
  2740 | D        | Noticed a hog
  2740 | D        | Noticed a hog
  2740 | D        | Noticed a hog
  2740 | D        | Noticed a hog
  2740 | D        | Noticed a hog
  2740 | D        | Noticed a hog
  2740 | D        | Noticed a hog
  2745 | D        | Killed a hog
  2745 | D        | Offered knowledge of Fireball by Vehumet.
  2746 | D        | Noticed a hog
  2746 | D        | Noticed a hog
  2746 | D        | Killed a hog
  2746 | D        | Reached skill level 25 in Spellcasting
  2748 | D        | Killed a hog
  2750 | D        | Killed a hog
  2752 | D        | Learned a level 5 spell: Fireball
  2752 | D        | Killed a hog
  2752 | D        | Killed a hog
  2761 | D        | Killed a hog
  2777 | D        | Killed a hog
  2781 | D        | Killed a hog
  2795 | D        | Killed a hog
  2795 | D        | Offered knowledge of Delayed Fireball by Vehumet.
  2795 | D        | Killed a hog
  2795 | D        | Killed a hog
  2797 | D        | Noticed a hog
  2797 | D        | Killed a hog
  2813 | D        | Learned a level 7 spell: Delayed Fireball
  2875 | D        | Noticed a daeva
  3001 | D        | Killed a daeva
  3001 | D        | Reached skill level 10 in Earth Magic
  3017 | D        | Killed an unseen horror
  3017 | D        | Killed an unseen horror
  3018 | D        | Killed an unseen horror
  3018 | D        | Reached XP level 12. HP: 3/59 MP: 31/41
  3018 | D        | Mangled by an unseen horror

Action                   |  1- 3 |  4- 6 |  7- 9 | 10-12 || total
-------------------------+-------+-------+-------+-------++-------
Melee: Unarmed           |    10 |       |    18 |       ||    28
       Dagger            |       |       |    66 |       ||    66
 Cast: Magic Dart        |     2 |     1 |     3 |    10 ||    16
       Searing Ray       |     1 |     3 |       |       ||     4
       Fulminant Prism   |       |     1 |     4 |     6 ||    11
       Iskenderun's Myst |       |     5 |    19 |    27 ||    51
       Iskenderun's Batt |       |     2 |     7 |    18 ||    27
       Conjure Flame     |       |       |       |     1 ||     1
       Bolt of Fire      |       |       |       |    13 ||    13
       Freezing Cloud    |       |       |       |     7 ||     7
       Fireball          |       |       |       |     2 ||     2
       Stone Arrow       |       |       |       |     2 ||     2
       Delayed Fireball  |       |       |       |     1 ||     1
  Use: Potion            |     1 |       |       |       ||     1
       Scroll            |       |       |       |     4 ||     4
  Eat: Bread ration      |       |       |     1 |       ||     1
       Beef jerky        |       |       |       |     2 ||     2
